 Dungeon Sprint DCSS version 0.22-a0-181-gb22368a (console) character file.

542445 removed the Rhythm of Life and Death (level 22, -15/212 HPs)
             Began as a Gnoll Enchanter on Feb 14, 2018.
             Was a Follower of Uskayaw.
             Killed from afar by a hellion (20 damage)
             ... with damnation
             ... summoned by Dispater
             ... in the Dungeon (Sprint IX: "|||||||||||||||||||||||||||||").
             The game lasted 00:50:41 (17514 turns).

removed the Rhythm of Life and Death (GnEn)        Turns: 17514, Time: 00:50:42

Health: -15/212    AC: 34    Str: 19    XL:     22   Next: 89%
Magic:  47/53      EV: 33    Int: 22    God:    Uskayaw [*.....]
Gold:   445        SH: 26    Dex: 21    Spells: 45/75 levels left

rFire    + + .     SeeInvis +   Y - +6 eudemon blade (holy)
rCold    + . .     Gourm    .   G - +0 large shield {rF+}
rNeg     + . .     Faith    +   H - quicksilver dragon scales
rPois    .         Spirit   .   K - +2 helmet {SInv}
rElec    .         Reflect  .   V - +2 cloak {+Inv}
rCorr    .         Harm     .   z - +0 pair of gloves
MR       ++++.     NoTele   +   y - +2 pair of boots of the Assassin {Detection Stab+ Stlth++}
Stlth    ++++++++++             q - amulet of Tenouhin {Faith rF+ Str-3 Slay+2}
HPRegen  0.45/turn              p - ring of Wiratodgh {Wiz rC+ Str+4 Dex+2 Slay+3}
MPRegen  0.33/turn              w - ring "Nogyape" {rN+ MR++}

@: mighty, very slightly contaminated, hasted, very quick
A: distributed training, fangs 1, strong nose
}: 9/15 runes: decaying, serpentine, barnacled, slimy, elven, silver, golden,
abyssal, gossamer
a: Stomp, Renounce Religion, Evoke Invisibility


You were in the Dungeon.
You worshipped Uskayaw.
Uskayaw was exalted by your worship.
You were not hungry.

You visited 1 branch You collected 1888 gold pieces.
You spent 1443 gold pieces at shops.

Inventory:

Hand Weapons
 o - a +5 rapier of distortion
 R - the +5 executioner's axe "Ruynaqythu" {antimagic, rElec}
   (You took it off a vault guard in the Dungeon)

   It reduces the magical energy of the wielder, and disrupts the spells and
   magical abilities of those hit.
   Natural abilities and divine invocations are not affected.
   It insulates you from electricity.
 W - the +8 demon blade "Leech" {vamp, rN+ AC-3 EV-3}
   (You found it in the Dungeon)

   It inflicts no extra harm, but heals its wielder when it wounds a living foe.
   It affects your AC (-3).
   It affects your evasion (-3).
   It protects you from negative energy.
 Y - a +6 eudemon blade of holy wrath (weapon)
Armour
 b - a +4 robe of resistance
 y - the +2 pair of boots of the Assassin (worn) {Detection Stab+ Stlth++}
   (You found it in the Dungeon)

   It makes you much more stealthy.
 z - a +0 pair of gloves (worn)
 C - a +3 leather armour of poison resistance
 G - a +0 large shield of fire resistance (worn)
 H - quicksilver dragon scales (worn)
 I - the +0 shield of Objectivity {*Drain Str+6 Dex+4}
   (You found it in the Dungeon)

   It affects your strength (+6).
   It affects your dexterity (+4).
   It causes draining when unequipped.
 K - a +2 helmet of see invisible (worn)
 Q - the +2 acid dragon scales of the Thinker {*Corrode rElec rCorr Dex+9 Stlth+}
   (You found it in the Dungeon)

   It affects your dexterity (+9).
   It insulates you from electricity.
   It protects you from acid and corrosion.
   It may corrode you when you take damage.
   It makes you more stealthy.
 U - the +2 chain mail of Greed {Dex+5 Slay+3}
   (You found it in the Dungeon)

   It affects your dexterity (+5).
   It affects your accuracy and damage with ranged weapons and melee attacks
   (+3).
 V - a +2 cloak of invisibility (worn)
Jewellery
 p - the ring of Wiratodgh (left hand) {Wiz rC+ Str+4 Dex+2 Slay+3}
   (You found it in the Dungeon)

   [ring of wizardry]

   It improves your spell success rate.
   It affects your strength (+4).
   It affects your dexterity (+2).
   It affects your accuracy and damage with ranged weapons and melee attacks
   (+3).
   It protects you from cold.
 q - the amulet of Tenouhin (around neck) {Faith rF+ Str-3 Slay+2}
   (You found it in the Dungeon)

   [amulet of faith]

   It allows you to gain divine favour quickly.
   It affects your strength (-3).
   It affects your accuracy and damage with ranged weapons and melee attacks
   (+2).
   It protects you from fire.
 w - the ring "Nogyape" (right hand) {rN+ MR++}
   (You found it in the Dungeon)

   [ring of positive energy]

   It protects you from negative energy.
   It affects your resistance to hostile enchantments.
 A - an uncursed ring of resist corrosion
 F - an uncursed ring of protection from fire
 P - the amulet of Funyd {Reflect rElec rPois SH+2 Stlth-}
   (You took it off a vault guard in the Dungeon)

   [amulet of reflection]

   It shields you and reflects attacks.
   It insulates you from electricity.
   It protects you from poison.
   It affects your SH (+2).
   It makes you less stealthy.
 S - a +6 ring of dexterity
 T - the ring of Umyghyre {rC+ Slay+3}
   (You took it off a vault guard in the Dungeon)

   [ring of slaying]

   It affects your accuracy and damage with ranged weapons and melee attacks
   (+3).
   It protects you from cold.
 Z - an uncursed amulet of regeneration
Wands
 n - a wand of acid (3)
 B - a wand of polymorph (17)
Scrolls
 j - 3 scrolls of blinking
 k - 5 scrolls of remove curse
 l - 2 scrolls of amnesia
 x - 4 scrolls of fog
 E - 4 scrolls of identify
 M - 9 scrolls of fear
 N - a scroll of vulnerability
Potions
 e - 10 potions of curing
 f - 7 potions of heal wounds
 g - 8 potions of haste
 h - 4 potions of magic
 i - 3 potions of berserk rage
 J - a potion of brilliance
 X - a potion of agility
Books
 c - a book of Maledictions

   Spells                             Type                      Level
   a - Corona                         Hexes                        1
   b - Ensorcelled Hibernation        Hexes/Ice                    2
   c - Confuse                        Hexes                        3
   d - Tukima's Dance                 Hexes                        3
   e - Dazzling Spray                 Conjuration/Hexes            3
 v - the Compendium of Satyriasis
   (You found it in the Dungeon)

   Spells                             Type                      Level
   a - Flame Tongue                   Conjuration/Fire             1
   b - Iskenderun's Mystic Blast      Conjuration                  4
   c - Bolt of Draining               Conjuration/Necromancy       5
   d - Iron Shot                      Conjuration/Earth            6
 D - a book of Clouds

   Spells                             Type                      Level
   a - Poisonous Vapours              Poison/Air                   2
   b - Mephitic Cloud                 Conjuration/Poison/Air       3
   c - Conjure Flame                  Conjuration/Fire             3
   d - Freezing Cloud                 Conjuration/Ice/Air          6
   e - Ring of Flames                 Charms/Fire                  7
Miscellaneous
 u - a sack of spiders
Comestibles
 d - 11 rations
 O - 12 chunks of flesh


   Skills:
 O Level 27 Fighting
 O Level 27 Short Blades
 O Level 27 Long Blades
 O Level 27 Axes
 O Level 27 Maces & Flails
 O Level 27 Polearms
 O Level 27 Staves
 O Level 27 Slings
 O Level 27 Bows
 O Level 27 Crossbows
 O Level 27 Throwing
 O Level 27 Armour
 O Level 27 Dodging
 O Level 27 Stealth
 O Level 27 Shields
 O Level 27 Unarmed Combat
 O Level 27 Spellcasting
 + Level 26.6 Conjurations
 + Level 26.9 Hexes
 + Level 26.6 Charms
 + Level 26.6 Summonings
 + Level 26.6 Necromancy
 + Level 26.6 Translocations
 + Level 26.6 Transmutations
 + Level 26.6 Fire Magic
 + Level 26.6 Ice Magic
 + Level 26.6 Air Magic
 + Level 26.6 Earth Magic
 + Level 26.6 Poison Magic
 O Level 27 Invocations
 O Level 27 Evocations


You had 45 spell levels left.
You knew the following spells:

 Your Spells              Type           Power        Failure   Level  Hunger
a - Corona                Hex            #######      0%          1    None
b - Ensorcelled Hibernat  Hex/Ice        ######       0%          2    None
c - Confuse               Hex            #######.     0%          3    None
d - Tukima's Dance        Hex            #######.     0%          3    None
e - Dazzling Spray        Conj/Hex       ######       0%          3    None
f - Bolt of Draining      Conj/Necr      #######...   0%          5    None
g - Iron Shot             Conj/Erth      #######...   0%          6    None
h - Ring of Flames        Chrm/Fire      #######...   1%          7    ###....


Dungeon Overview and Level Annotations

Branches:
Dungeon (1/1)

Altars:
Cheibriados
Dithmenos
Elyvilon
Fedhas
Gozag
Hepliaklqana
Kikubaaqudgha
Makhleb
Nemelex Xobeh
Okawaru
Qazlal
Ru
Sif Muna
Trog
Uskayaw
Vehumet
Wu Jian
Xom
Yredelemnul
Zin
The Shining One
Beogh
Jiyva
Lugonu

Shops:
D (?(

Annotations:
D Cerebov, Dispater, Ereshkigal, Lom Lobon


Innate Abilities, Weirdness & Mutations

Your experience applies equally to all skills.
You have very sharp teeth.
Your uncanny sense of smell can sniff out nearby items.


Message History

Okay, then.
You slash the hellion!
The hellion convulses.
The hellion is heavily wounded.
Dispater gestures at you.
The sphere of damnation explodes!
The damnation engulfs you!
* * * LOW HITPOINT WARNING * * *
The damnation engulfs Dispater.
Dispater completely resists.
The damnation engulfs the hellion.
The hellion completely resists.
Press: ? - help, v - describe, . - travel
Here: a hellion (heavily wounded, summoned)
The floor, spattered with blood.
Evoke which item? (* to show all) (? for menu, Esc to quit)
Okay, then.
Blink to where?
Press: ? - help, Dir - move target cursor You are very lightly contaminated with residual magic.
As you read the scroll of blinking, it crumbles to dust.
The hellion gestures at you.
The sphere of damnation explodes!
The damnation engulfs you!
You die...

...'...................'...)).)))
▓▓▓▓▓▓▓▓▓▓▓▓▓▓▓▓▓▓▓▓▓▓▓▓▓▓▓▓▓▓▓▓▓
.........[.................).....
▓▓▓▓▓▓▓▓▓▓▓▓▓▓▓▓▓▓▓▓▓▓▓▓▓▓▓▓▓▓▓▓▓
....'...........'.........'......
▓▓▓▓▓▓▓▓▓▓▓▓▓▓▓▓▓▓▓▓▓▓▓▓▓▓▓▓▓▓▓▓▓
...............)...).............
▓▓▓▓▓▓▓▓▓▓▓▓▓▓▓▓▓▓▓▓▓▓▓▓▓▓▓▓▓▓▓▓▓
{ &*&*&2&§2φ.!@..φ'}'..........
▓▓▓▓▓▓▓▓▓▓▓▓▓▓▓▓▓▓▓▓▓▓▓▓▓▓▓▓▓


You could see Dispater, a shadow demon and a hellion.

Vanquished Creatures
  Antaeus (D)
  Asmodeus (D)
  the Royal Jelly (D)
  Mnoleg (D)
  4 orbs of fire (D)
  Mara (D)
  Mennas (D)
  5 ancient liches (D)
  5 greater mummies (D)
  Margery (D)
  A Killer Klown (D)
  Xtahua (D)
  3 curse toes (D)
  3 golden dragons (D)
  Geryon (D)
  3 electric golems (D)
  3 tentacled monstrosities (D)
  28 Orb Guardians (D)
  4 quicksilver dragons (D)
  2 deep elf blademasters (D)
  3 liches (D)
  6 acid blobs (D)
  12 sphinxes (D)
  Frances (D)
  Kirke (D)
  4 death cobs (D)
  9 shadow dragons (D)
  A storm dragon (D)
  2 azure jellies (D)
  Ilsuiw (D)
  A tengu reaver (D)
  2 draconian monks (D)
  A fire giant (D)
  A ghost moth (D)
  6 nagarajas (D)
  Louise (D)
  6 deep elf sorcerers (D)
  5 emperor scorpions (D)
  3 vault wardens (D)
  2 draconian shifters (D)
  A draconian scorcher (D)
  A draconian annihilator (D)
  4 ironheart preservers (D)
  6 stone giants (D)
  6 vampire knights (D)
  A very ugly thing (D)
  An entropy weaver (D)
  4 green draconians (D)
  2 deep elf demonologists (D)
  A starcursed mass (D)
  A deep elf annihilator (D)
  3 red draconians (D)
  3 black draconians (D)
  3 yellow draconians (D)
  2 purple draconians (D)
  4 white draconians (D)
  An ettin (D)
  6 death oozes (D)
  2 deep elf death magi (D)
  3 merfolk javelineers (D)
  4 merfolk impalers (D)
  6 mummy priests (D)
  2 great orbs of eyes (D)
  A deep elf high priest (D)
  10 hydras (D)
  3 ice dragons (D)
  3 yaktaur captains (D)
  6 fire dragons (D)
  A rakshasa (D)
  19 vault guards (D)
  3 centaur warriors (D)
  2 ghost crabs (D)
  An anaconda (D)
  3 merfolk avatars (D)
  2 ogre magi (D)
  A death knight (D)
  A deep troll shaman (D)
  3 merfolk aquamancers (D)
  A tengu warrior (D)
  2 deep troll earth magi (D)
  A spriggan berserker (D)
  A deep elf knight (D)
  3 shock serpents (D)
  Nergalle (D)
  4 hell knights (D)
  3 small abominations (D)
  A wretched star (D)
  3 swamp dragons (D)
  A naga ritualist (D)
  2 wizards (D)
  4 ironbrand convokers (D)
  A mana viper (D)
  4 necromancers (D)
  A deep elf mage (D)
  6 orc knights (D)
  4 wolf spiders (D)
  An orb spider (D)
  3 manticores (D)
  8 moths of wrath (D)
  4 vault sentinels (D)
  5 naga magi (D)
  3 guardian serpents (D)
  Joseph (D)
  5 spiny frogs (D)
  An efreet (D)
  A demonic crawler (D)
  A freezing wraith (D)
  An ice devil (D)
  17 guardian mummies (D)
  A troll (D)
  A merfolk (D)
  A wandering mushroom (D)
  A meliai (shapeshifter) (D)
  2 jumping spiders (D)
  A tyrant leech (D)
  2 hornets (D)
  A slime creature (D)
  2 blink frogs (D)
  A hippogriff (D)
  A blink frog (shapeshifter) (D)
  2 snapping turtles (D)
  A wraith (D)
  A shadow (D)
  3 redbacks (D)
  12 spriggans (D)
  A tarantella (D)
  5 hogs (D)
  A ynoxinul (D)
  2 yaks (D)
  4 fire elementals (D)
  A golden eye (D)
  A basilisk (D)
  Eustachio (D)
  A golden eye (shapeshifter) (D)
  A chaos spawn (D)
  4 wargs (D)
  4 water moccasins (D)
  2 nagas (D)
  3 floating eyes (D)
  2 porcupines (D)
  2 hell hounds (D)
  15 orc warriors (D)
  A sky beast (D)
  3 wolves (D)
  3 crocodiles (D)
  A centaur (D)
  2 big kobolds (D)
  2 bullfrogs (D)
  A wight (D)
  A howler monkey (D)
  A crimson imp (D)
  A jelly (D)
  2 orc wizards (D)
  5 orc priests (D)
  An iguana (D)
  A worker ant (D)
  An adder (D)
  A white imp (D)
  An ufetubus (D)
  An adder skeleton (D)
  A dart slug (D)
  A leopard gecko (D)
  8 orcs (D)
  A bat (D)
  A bat zombie (D)
  A giant cockroach (D)
  A kobold (D)
  A frilled lizard (D)
  A jackal skeleton (D)
  2 rats (D)
488 creatures vanquished.

Vanquished Creatures (others)
  A frost giant (D)
  2 vault wardens (D)
  6 vault guards (D)
  2 centaur warriors (D)
  An unseen horror (D)
  2 ironbrand convokers (D)
  A swamp dragon (D)
  An orc knight (D)
  A naga mage (D)
  A demonic crawler (D)
  A jumping spider (D)
  3 dancing weapons (D)
  A warg (D)
  An orc priest (D)
  A shadow imp (D)
25 creatures vanquished.

Grand Total: 513 creatures vanquished

Notes
Turn   | Place    | Note
-------+----------+-------------------------------------------
     0 | D        | removed the Gnoll Enchanter began the quest for the Orb.
     0 | D        | Reached XP level 1. HP: 13/13 MP: 6/6
     7 | D        | Reached skill level 5 in Spellcasting
     9 | D        | Reached skill level 1 in Invocations
    12 | D        | Reached skill level 1 in Fighting
    12 | D        | Reached skill level 1 in Long Blades
    12 | D        | Reached skill level 1 in Axes
    12 | D        | Reached skill level 1 in Maces & Flails
    12 | D        | Reached skill level 1 in Polearms
    12 | D        | Reached skill level 1 in Staves
    12 | D        | Reached skill level 1 in Slings
    12 | D        | Reached skill level 1 in Bows
    12 | D        | Reached skill level 1 in Crossbows
    12 | D        | Reached skill level 1 in Throwing
    12 | D        | Reached skill level 1 in Armour
    12 | D        | Reached skill level 1 in Shields
    12 | D        | Reached skill level 1 in Unarmed Combat
    12 | D        | Reached skill level 1 in Evocations
    16 | D        | Reached XP level 2. HP: 21/21 MP: 8/8
    23 | D        | Learned a level 2 spell: Ensorcelled Hibernation
    24 | D        | Noticed a centaur
    29 | D        | Reached skill level 1 in Conjurations
    29 | D        | Reached skill level 1 in Charms
    29 | D        | Reached skill level 1 in Summonings
    29 | D        | Reached skill level 1 in Necromancy
    29 | D        | Reached skill level 1 in Translocations
    29 | D        | Reached skill level 1 in Transmutations
    29 | D        | Reached skill level 1 in Fire Magic
    29 | D        | Reached skill level 1 in Ice Magic
    29 | D        | Reached skill level 1 in Air Magic
    29 | D        | Reached skill level 1 in Earth Magic
    29 | D        | Reached skill level 1 in Poison Magic
    33 | D        | Reached skill level 5 in Dodging
    33 | D        | Reached XP level 3. HP: 25/27 MP: 4/9
    36 | D        | Killed a centaur
    36 | D        | Reached XP level 4. HP: 9/35 MP: 2/11
    36 | D        | Reached XP level 5. HP: 10/41 MP: 2/13
   297 | D        | Found a roughly hewn altar of Beogh.
   297 | D        | Found a snail-covered altar of Cheibriados.
   297 | D        | Found a shadowy altar of Dithmenos.
   297 | D        | Found a white marble altar of Elyvilon.
   297 | D        | Found a blossoming altar of Fedhas.
   297 | D        | Found an opulent altar of Gozag.
   298 | D        | Found a hazy altar of Hepliaklqana.
   299 | D        | Found a viscous altar of Jiyva.
   300 | D        | Found an ancient bone altar of Kikubaaqudgha.
   301 | D        | Found a corrupted altar of Lugonu.
   302 | D        | Found a burning altar of Makhleb.
   303 | D        | Found a sparkling altar of Nemelex Xobeh.
   304 | D        | Found an iron altar of Okawaru.
   305 | D        | Found a stormy altar of Qazlal.
   306 | D        | Found a sacrificial altar of Ru.
   307 | D        | Found a deep blue altar of Sif Muna.
   308 | D        | Found a bloodstained altar of Trog.
   309 | D        | Found a hide-covered altar of Uskayaw.
   310 | D        | Found a radiant altar of Vehumet.
   311 | D        | Found an ornate altar of the Wu Jian Council.
   312 | D        | Found a shimmering altar of Xom.
   313 | D        | Found a basalt altar of Yredelemnul.
   314 | D        | Found a glowing silver altar of Zin.
   315 | D        | Found a glowing golden altar of the Shining One.
   317 | D        | Became a worshipper of Uskayaw the Reveler
   360 | D        | Learned a level 3 spell: Confuse
   364 | D        | Learned a level 3 spell: Tukima's Dance
   368 | D        | Learned a level 3 spell: Dazzling Spray
   370 | D        | Noticed a big kobold
   370 | D        | Noticed a troll
   370 | D        | Noticed a big kobold
   370 | D        | Noticed a sky beast
   376 | D        | Reached * piety under Uskayaw
   377 | D        | Killed a sky beast
   377 | D        | Reached ** piety under Uskayaw
   381 | D        | Reached *** piety under Uskayaw
   385 | D        | Reached **** piety under Uskayaw
   386 | D        | Killed a troll
   386 | D        | Reached skill level 5 in Fighting
   386 | D        | Reached skill level 5 in Short Blades
   386 | D        | Reached skill level 5 in Long Blades
   386 | D        | Reached skill level 5 in Axes
   386 | D        | Reached skill level 5 in Maces & Flails
   386 | D        | Reached skill level 5 in Polearms
   386 | D        | Reached skill level 5 in Staves
   386 | D        | Reached skill level 5 in Slings
   386 | D        | Reached skill level 5 in Bows
   386 | D        | Reached skill level 5 in Crossbows
   386 | D        | Reached skill level 5 in Throwing
   386 | D        | Reached skill level 5 in Armour
   386 | D        | Reached skill level 5 in Shields
   386 | D        | Reached skill level 5 in Unarmed Combat
   386 | D        | Reached skill level 5 in Invocations
   386 | D        | Reached skill level 5 in Evocations
   386 | D        | Reached XP level 6. HP: 23/51 MP: 12/16
   386 | D        | Reached XP level 7. HP: 25/56 MP: 12/17
   389 | D        | Reached ***** piety under Uskayaw
   584 | D        | Noticed an efreet
   588 | D        | Killed an efreet
   588 | D        | Reached XP level 8. HP: 64/64 MP: 17/19
   590 | D        | Reached skill level 5 in Conjurations
   590 | D        | Reached skill level 5 in Charms
   590 | D        | Reached skill level 5 in Summonings
   590 | D        | Reached skill level 5 in Necromancy
   590 | D        | Reached skill level 5 in Translocations
   590 | D        | Reached skill level 5 in Transmutations
   590 | D        | Reached skill level 5 in Fire Magic
   590 | D        | Reached skill level 5 in Ice Magic
   590 | D        | Reached skill level 5 in Air Magic
   590 | D        | Reached skill level 5 in Earth Magic
   590 | D        | Reached skill level 5 in Poison Magic
   702 | D        | Identified the Compendium of Satyriasis
   715 | D        | Noticed a blink frog
   715 | D        | Noticed a yak
   715 | D        | Noticed a spiny frog
   715 | D        | Noticed a yak
   733 | D        | Killed a yak
   734 | D        | Noticed a hippogriff
   735 | D        | Killed a spiny frog
   736 | D        | Killed a yak
   736 | D        | Reached XP level 9. HP: 43/71 MP: 18/21
   882 | D        | Noticed a spiny frog
   894 | D        | Killed a spiny frog
   894 | D        | Reached skill level 10 in Stealth
   990 | D        | Reached XP level 10. HP: 42/80 MP: 0/23
  1310 | D        | Noticed Joseph
  1313 | D        | Noticed Eustachio
  1318 | D        | Killed Eustachio
  1327 | D        | Killed Joseph
  1327 | D        | Reached skill level 10 in Spellcasting
  1572 | D        | Noticed an orc knight
  1609 | D        | Killed an orc knight
  1609 | D        | Reached skill level 10 in Dodging
  1815 | D        | Reached skill level 10 in Invocations
  2069 | D        | Found Eczaoho Sida's Antique Weapon Boutique.
  2069 | D        | Noticed an orc knight
  2069 | D        | Noticed an orc knight
  2069 | D        | Noticed an orc knight
  2069 | D        | Noticed an orc knight
  2071 | D        | Banished an orc knight
  2125 | D        | Killed an orc knight
  2130 | D        | Killed an orc knight
  2130 | D        | Reached XP level 11. HP: 89/89 MP: 18/25
  2160 | D        | Killed an orc knight
  2160 | D        | Reached skill level 10 in Short Blades
  2268 | D        | Noticed an orc knight
  2278 | D        | Killed an orc knight
  2291 | D        | Found Viat's Magic Scroll Shop.
  2293 | D        | Found Saogh's Food Boutique.
  2297 | D        | Found Rilirhot's Antique Weapon Shop.
  2300 | D        | Noticed an orc knight
  2334 | D        | Killed an orc knight
  2334 | D        | Reached skill level 10 in Hexes
  2339 | D        | Reached skill level 10 in Fighting
  2339 | D        | Reached skill level 10 in Long Blades
  2339 | D        | Reached skill level 10 in Axes
  2339 | D        | Reached skill level 10 in Maces & Flails
  2339 | D        | Reached skill level 10 in Polearms
  2339 | D        | Reached skill level 10 in Staves
  2339 | D        | Reached skill level 10 in Slings
  2339 | D        | Reached skill level 10 in Bows
  2339 | D        | Reached skill level 10 in Crossbows
  2339 | D        | Reached skill level 10 in Throwing
  2339 | D        | Reached skill level 10 in Armour
  2339 | D        | Reached skill level 10 in Shields
  2339 | D        | Reached skill level 10 in Unarmed Combat
  2339 | D        | Reached skill level 10 in Evocations
  2474 | D        | Bought a shimmering short sword for 168 gold pieces
  2474 | D        | Identified the +7 short sword of Responsibility {pierce, MR+} (You bought it in a shop in the Dungeon)
  2598 | D        | Got the cursed +0 shield of Objectivity {*Drain Str+6 Dex+4}
  2602 | D        | Got the cursed +1 plate armour of Miracles {SInv}
  2790 | D        | Bought a scroll of brand weapon for 200 gold pieces
  3013 | D        | Noticed a tengu warrior
  3013 | D        | Noticed a centaur warrior
  3024 | D        | Banished a centaur warrior
  3036 | D        | Noticed a stone giant
  3037 | D        | Noticed a centaur warrior
  3038 | D        | Noticed a necromancer
  3039 | D        | Noticed a stone giant
  3047 | D        | Noticed a wizard
  3056 | D        | Banished a stone giant
  3059 | D        | Reached ****** piety under Uskayaw
  3064 | D        | Killed a necromancer
  3069 | D        | Killed a wizard
  3071 | D        | Killed a centaur warrior
  3296 | D        | Noticed Nergalle
  3379 | D        | Learned a level 5 spell: Bolt of Draining
  3397 | D        | Noticed a red very ugly thing
  3397 | D        | Noticed a seven-headed hydra
  3397 | D        | Noticed a four-headed hydra
  3397 | D        | Noticed a ghost crab
  3399 | D        | Killed a ghost crab
  3403 | D        | Killed a four-headed hydra
  3403 | D        | Reached XP level 12. HP: 72/99 MP: 27/27
  3404 | D        | Noticed a ghost crab
  3405 | D        | Noticed a spriggan rider
  3407 | D        | Killed a seven-headed hydra
  3415 | D        | Killed a red very ugly thing
  3417 | D        | Killed a ghost crab
  3852 | D        | Noticed a merfolk avatar
  3859 | D        | Reached skill level 10 in Conjurations
  3859 | D        | Reached skill level 10 in Charms
  3859 | D        | Reached skill level 10 in Summonings
  3859 | D        | Reached skill level 10 in Necromancy
  3859 | D        | Reached skill level 10 in Translocations
  3859 | D        | Reached skill level 10 in Transmutations
  3859 | D        | Reached skill level 10 in Fire Magic
  3859 | D        | Reached skill level 10 in Ice Magic
  3859 | D        | Reached skill level 10 in Air Magic
  3859 | D        | Reached skill level 10 in Earth Magic
  3859 | D        | Reached skill level 10 in Poison Magic
  3860 | D        | Noticed a merfolk impaler
  3865 | D        | Killed a merfolk avatar
  3881 | D        | Killed a merfolk impaler
  3977 | D        | Noticed a shock serpent
  3977 | D        | Noticed an anaconda
  3978 | D        | Noticed a shock serpent
  3984 | D        | Noticed a shock serpent
  3999 | D        | Killed an anaconda
  3999 | D        | Reached XP level 13. HP: 87/108 MP: 27/29
  4338 | D        | Noticed Azrael
  4350 | D        | Banished Azrael
  4449 | D        | Noticed a great orb of eyes
  4449 | D        | Noticed a great orb of eyes
  4449 | D        | Noticed a stone giant
  4449 | D        | Noticed a fire dragon
  4449 | D        | Noticed an ice dragon
  4450 | D        | Noticed a quicksilver dragon
  4451 | D        | Killed an ice dragon
  4453 | D        | Killed a fire dragon
  4454 | D        | Noticed a yaktaur captain
  4455 | D        | Killed a stone giant
  4457 | D        | Killed a great orb of eyes
  4458 | D        | Noticed a frost giant
  4464 | D        | Killed a great orb of eyes
  4465 | D        | Killed a quicksilver dragon
  4465 | D        | Noticed a vampire knight
  4465 | D        | Noticed a tengu reaver
  4471 | D        | Noticed an ettin
  4473 | D        | Noticed an ogre mage
  4475 | D        | Killed a yaktaur captain
  4476 | D        | Banished a frost giant
  4478 | D        | Noticed a rakshasa
  4487 | D        | Noticed a stone giant
  4488 | D        | Killed a tengu reaver
  4490 | D        | Killed a vampire knight
  4493 | D        | Killed an ettin
  4493 | D        | Reached XP level 14. HP: 38/118 MP: 26/32
  4493 | D        | Paralysed by an ogre mage for 2 turns
  5013 | D        | Noticed an ironheart preserver
  5022 | D        | Killed an ironheart preserver
  5033 | D        | Noticed a deep elf sorcerer
  5034 | D        | Noticed a stone giant
  5049 | D        | Reached skill level 15 in Invocations
  5050 | D        | Noticed a vault warden
  5050 | D        | Killed a stone giant
  5050 | D        | Noticed a fire giant
  5056 | D        | Reached skill level 15 in Stealth
  5061 | D        | Noticed an ironheart preserver
  5074 | D        | Banished a vault warden
  5075 | D        | Killed an ironheart preserver
  5077 | D        | Killed a fire giant
  5077 | D        | Reached skill level 15 in Spellcasting
  5481 | D        | Noticed Mennas
  5697 | D        | Noticed Xtahua
  5698 | D        | Noticed Frances
  5733 | D        | Killed Frances
  5733 | D        | Reached skill level 15 in Dodging
  6024 | D        | Noticed Louise
  6048 | D        | Noticed Mara
  6055 | D        | Killed Mara
  6108 | D        | Got the +2 chain mail of Greed {Dex+5 Slay+3}
  6366 | D        | Noticed Kirke
  6371 | D        | Reached skill level 15 in Short Blades
  6412 | D        | Noticed Margery
  6445 | D        | Noticed a sphinx
  6448 | D        | Paralysed by a sphinx for 2 turns
  6452 | D        | Killed a sphinx
  6452 | D        | Reached skill level 15 in Fighting
  6452 | D        | Reached skill level 15 in Long Blades
  6452 | D        | Reached skill level 15 in Axes
  6452 | D        | Reached skill level 15 in Maces & Flails
  6452 | D        | Reached skill level 15 in Polearms
  6452 | D        | Reached skill level 15 in Staves
  6452 | D        | Reached skill level 15 in Slings
  6452 | D        | Reached skill level 15 in Bows
  6452 | D        | Reached skill level 15 in Crossbows
  6452 | D        | Reached skill level 15 in Throwing
  6452 | D        | Reached skill level 15 in Armour
  6452 | D        | Reached skill level 15 in Shields
  6452 | D        | Reached skill level 15 in Unarmed Combat
  6452 | D        | Reached skill level 15 in Evocations
  6452 | D        | Reached XP level 15. HP: 91/129 MP: 21/34
  6608 | D        | Got a decaying rune of Zot
  6683 | D        | Learned a level 6 spell: Iron Shot
  6690 | D        | Noticed a nagaraja
  6690 | D        | Noticed a nagaraja
  6691 | D        | Noticed a nagaraja
  6701 | D        | Killed a nagaraja
  6702 | D        | Noticed a nagaraja
  6704 | D        | Noticed a nagaraja
  6709 | D        | Noticed a nagaraja
  6717 | D        | Killed a nagaraja
  6718 | D        | Killed a nagaraja
  6720 | D        | Killed a nagaraja
  6734 | D        | Got a serpentine rune of Zot
  6888 | D        | Noticed an emperor scorpion
  6888 | D        | Noticed a ghost moth
  6892 | D        | Killed a ghost moth
  6893 | D        | Noticed an emperor scorpion
  6897 | D        | Noticed an emperor scorpion
  6901 | D        | Killed an emperor scorpion
  6903 | D        | Noticed an emperor scorpion
  6907 | D        | Noticed an emperor scorpion
  6918 | D        | Killed an emperor scorpion
  6923 | D        | Killed an emperor scorpion
  6925 | D        | Killed an emperor scorpion
  6932 | D        | Killed an emperor scorpion
  6945 | D        | Got a gossamer rune of Zot
  7040 | D        | Noticed Ilsuiw
  7049 | D        | Reached skill level 15 in Hexes
  7054 | D        | Killed Ilsuiw
  7062 | D        | Reached XP level 16. HP: 121/139 MP: 28/37
  7762 | D        | Noticed a tentacled monstrosity
  7793 | D        | Reached skill level 15 in Conjurations
  7793 | D        | Reached skill level 15 in Charms
  7793 | D        | Reached skill level 15 in Summonings
  7793 | D        | Reached skill level 15 in Necromancy
  7793 | D        | Reached skill level 15 in Translocations
  7793 | D        | Reached skill level 15 in Transmutations
  7793 | D        | Reached skill level 15 in Fire Magic
  7793 | D        | Reached skill level 15 in Ice Magic
  7793 | D        | Reached skill level 15 in Air Magic
  7793 | D        | Reached skill level 15 in Earth Magic
  7793 | D        | Reached skill level 15 in Poison Magic
  7803 | D        | Noticed an orb of fire
  7818 | D        | Killed an orb of fire
  7879 | D        | Noticed a shadow dragon
  7879 | D        | Noticed a shadow dragon
  8098 | D        | Noticed a shadow dragon
  8098 | D        | Noticed a shadow dragon
  8098 | D        | Noticed a shadow dragon
  8099 | D        | Found the +8 demon blade "Leech" {vamp, rN+ AC-3 EV-3}
  8099 | D        | Found the +2 pair of boots of the Assassin {Detection Stab+ Stlth++}
  8099 | D        | Noticed a tentacled monstrosity
  8109 | D        | Noticed a shadow dragon
  8113 | D        | Killed a shadow dragon
  8136 | D        | Killed a shadow dragon
  8170 | D        | Got a pitted platinum ring
  8177 | D        | Got a silver rune of Zot
  8287 | D        | Identified the ring "Nogyape" {rN+ MR++} (You found it in the Dungeon)
  8448 | D        | Got the +5 executioner's axe "Musudeli" {vamp, *Drain +Blink rPois Int-2}
  8448 | D        | Got the ring of Umyghyre {rC+ Slay+3}
  8454 | D        | Got the amulet of the Empire {*Slow rC- Regen+ Str+7}
  8457 | D        | Got the amulet of Tenouhin {Faith rF+ Str-3 Slay+2}
  8462 | D        | Got the ring of Wiratodgh {Wiz rC+ Str+4 Dex+2 Slay+3}
  8472 | D        | Got the +5 glaive "Ricselib" {chop, Str+7 SInv}
  8475 | D        | Got the +5 glaive of Cealyil {chop, *Rage +Inv rN+ Int+8}
  8477 | D        | Got the +5 executioner's axe of Abomination {chop, +Rage rElec rC+ Str+4}
  8489 | D        | Got the +0 hat of the Pits of Slime {*Slow MR+++ Regen+ rCorr}
  8554 | D        | Got the +5 executioner's axe "Ruynaqythu" {antimagic, rElec}
  8554 | D        | Got the amulet of Funyd {Reflect rElec rPois SH+2 Stlth-}
  8618 | D        | Got the +2 acid dragon scales of the Thinker {*Corrode rElec rCorr Dex+9 Stlth+}
  8831 | D        | Killed Mennas
  8831 | D        | Reached XP level 17. HP: 89/151 MP: 29/39
  8961 | D        | Noticed a golden dragon
  8989 | D        | Killed a golden dragon
  9031 | D        | Noticed a death cob
  9031 | D        | Noticed an electric golem
  9032 | D        | Noticed a quicksilver dragon
  9033 | D        | Killed an electric golem
  9038 | D        | Killed a death cob
  9041 | D        | Killed a quicksilver dragon
  9053 | D        | Noticed a death cob
  9053 | D        | Noticed a death cob
  9054 | D        | Noticed a golden dragon
  9055 | D        | Killed a death cob
  9068 | D        | Killed a death cob
  9069 | D        | Killed a golden dragon
  9176 | D        | Noticed a tentacled monstrosity
  9185 | D        | Reached XP level 18. HP: 131/162 MP: 42/42
  9194 | D        | Killed a tentacled monstrosity
  9201 | D        | Noticed a tentacled monstrosity
  9217 | D        | Killed a tentacled monstrosity
  9380 | D        | Noticed a quicksilver dragon
  9383 | D        | Noticed a quicksilver dragon
  9395 | D        | Killed a quicksilver dragon
  9397 | D        | Killed a quicksilver dragon
  9524 | D        | Killed Kirke
  9560 | D        | Killed Margery
  9642 | D        | Learned a level 7 spell: Ring of Flames
  9642 | D        | Noticed an Orb Guardian
  9642 | D        | Noticed an Orb Guardian
  9642 | D        | Noticed an Orb Guardian
  9642 | D        | Noticed an Orb Guardian
  9642 | D        | Noticed an Orb Guardian
  9642 | D        | Noticed an Orb Guardian
  9643 | D        | Noticed an Orb Guardian
  9644 | D        | Killed an Orb Guardian
  9645 | D        | Noticed an Orb Guardian
  9650 | D        | Killed an Orb Guardian
  9651 | D        | Noticed an Orb Guardian
  9652 | D        | Killed an Orb Guardian
  9653 | D        | Noticed an Orb Guardian
  9654 | D        | Killed an Orb Guardian
  9654 | D        | Killed an Orb Guardian
  9654 | D        | Killed an Orb Guardian
  9654 | D        | Killed an Orb Guardian
  9658 | D        | Killed an Orb Guardian
  9664 | D        | Killed an Orb Guardian
  9675 | D        | Killed an Orb Guardian
  9677 | D        | Noticed a curse toe
  9677 | D        | Noticed an Orb Guardian
  9677 | D        | Noticed an Orb Guardian
  9678 | D        | Noticed an Orb Guardian
  9680 | D        | Noticed an Orb Guardian
  9691 | D        | Killed an Orb Guardian
  9692 | D        | Killed an Orb Guardian
  9693 | D        | Killed an Orb Guardian
  9693 | D        | Reached XP level 19. HP: 96/174 MP: 43/45
  9694 | D        | Killed a curse toe
  9823 | D        | Noticed an ancient lich
  9835 | D        | Killed an ancient lich
  9838 | D        | Noticed an orb of fire
  9840 | D        | Killed an orb of fire
  9842 | D        | Noticed an electric golem
  9844 | D        | Killed an electric golem
  9846 | D        | Noticed a curse toe
  9846 | D        | Noticed an ancient lich
  9857 | D        | Noticed an orb of fire
  9865 | D        | Killed an ancient lich
  9866 | D        | Killed an orb of fire
  9874 | D        | Noticed a curse toe
 10272 | D        | Killed a curse toe
 10287 | D        | Killed a curse toe
 10302 | D        | Noticed an electric golem
 10320 | D        | Killed an electric golem
 10466 | D        | Noticed a golden dragon
 10467 | D        | Noticed an orb of fire
 10468 | D        | Noticed a Killer Klown
 10478 | D        | Killed an orb of fire
 10480 | D        | Killed a golden dragon
 10491 | D        | Killed a Killer Klown
 10491 | D        | Reached XP level 20. HP: 184/186 MP: 47/47
 11843 | D        | Killed Louise
 12026 | D        | Bought a scroll of identify for 20 gold pieces
 12026 | D        | Bought a scroll of identify for 20 gold pieces
 12026 | D        | Bought a scroll of identify for 20 gold pieces
 12026 | D        | Bought a scroll of fear for 35 gold pieces
 12026 | D        | Bought a scroll of fog for 20 gold pieces
 12026 | D        | Bought 2 scrolls of identify for 40 gold pieces
 12026 | D        | Bought a scroll of blinking for 75 gold pieces
 12028 | D        | Bought a ration for 65 gold pieces
 12028 | D        | Bought a ration for 65 gold pieces
 12028 | D        | Bought a ration for 65 gold pieces
 12028 | D        | Bought a ration for 65 gold pieces
 12028 | D        | Bought a ration for 65 gold pieces
 12028 | D        | Bought a ration for 65 gold pieces
 12028 | D        | Bought a ration for 65 gold pieces
 12028 | D        | Bought a ration for 65 gold pieces
 12028 | D        | Bought a ration for 65 gold pieces
 12028 | D        | Bought a ration for 65 gold pieces
 12028 | D        | Bought a ration for 65 gold pieces
 12028 | D        | Bought a ration for 65 gold pieces
 12028 | D        | Bought a ration for 65 gold pieces
 13374 | D        | Noticed an ancient lich
 13374 | D        | Noticed an ancient lich
 13384 | D        | Noticed an ancient lich
 13398 | D        | Killed an ancient lich
 13400 | D        | Killed an ancient lich
 13405 | D        | Killed an ancient lich
 13427 | D        | Reached XP level 21. HP: 176/198 MP: 45/50
 13505 | D        | Reached skill level 27 in Invocations
 13624 | D        | Got an elven rune of Zot
 14281 | D        | Got a barnacled rune of Zot
 14945 | D        | Noticed the Royal Jelly
 14946 | D        | Paralysed by a floating eye for 3 turns
 14964 | D        | Killed the Royal Jelly
 15025 | D        | Got a slimy rune of Zot
 15092 | D        | Killed Xtahua
 15254 | D        | Reached skill level 27 in Stealth
 15258 | D        | Paralysed by a sphinx for 7 turns
 15283 | D        | Reached skill level 27 in Spellcasting
 15292 | D        | Reached skill level 27 in Dodging
 15380 | D        | Reached skill level 27 in Short Blades
 15615 | D        | Reached XP level 22. HP: 106/210 MP: 53/53
 15907 | D        | Reached skill level 27 in Fighting
 15907 | D        | Reached skill level 27 in Long Blades
 15907 | D        | Reached skill level 27 in Axes
 15907 | D        | Reached skill level 27 in Maces & Flails
 15907 | D        | Reached skill level 27 in Polearms
 15907 | D        | Reached skill level 27 in Staves
 15907 | D        | Reached skill level 27 in Slings
 15907 | D        | Reached skill level 27 in Bows
 15907 | D        | Reached skill level 27 in Crossbows
 15907 | D        | Reached skill level 27 in Throwing
 15907 | D        | Reached skill level 27 in Armour
 15907 | D        | Reached skill level 27 in Shields
 15907 | D        | Reached skill level 27 in Unarmed Combat
 15907 | D        | Reached skill level 27 in Evocations
 16257 | D        | Noticed a greater mummy
 16257 | D        | Noticed a greater mummy
 16257 | D        | Noticed a greater mummy
 16468 | D        | Killed a greater mummy
 16740 | D        | Killed a greater mummy
 16834 | D        | Noticed a greater mummy
 16844 | D        | Killed a greater mummy
 16857 | D        | Killed a greater mummy
 16907 | D        | Noticed a greater mummy
 16930 | D        | Killed a greater mummy
 17156 | D        | Got a golden rune of Zot
 17216 | D        | Got an abyssal rune of Zot
 17327 | D        | Killed Nergalle
 17484 | D        | Noticed Geryon
 17486 | D        | Killed Geryon
 17489 | D        | Noticed Asmodeus
 17489 | D        | Noticed Mnoleg
 17490 | D        | Noticed Antaeus
 17491 | D        | Killed Mnoleg
 17494 | D        | Noticed Dispater
 17495 | D        | Killed Asmodeus
 17501 | D        | Killed Antaeus
 17502 | D        | Noticed Ereshkigal
 17505 | D        | Noticed Lom Lobon
 17510 | D        | Noticed Cerebov
 17513 | D        | HP: 5/212 [Dispater/damnation (59)]
 17514 | D        | Killed from afar by a hellion

Vault maps used:
D:        linesprint

Skill      XL: |  1  2  3  4  5  6  7  8  9 10 11 12 13 14 15 16 17 18 19 20 21 22 |
---------------+-------------------------------------------------------------------+-----
Spellcasting   | 5 7 8 9 10 11 12 14 15 17 18 20 22 23 25 27 | 27.0
Stealth        | 6 7 8 9 10 11 12 13 14 15 17 19 20 22 23 25 27 | 27.0
Invocations    | 1 2 3 5 6 7 9 10 11 13 14 16 17 19 21 23 25 26 27 | 27.0
Fighting       | 1 2 3 5 6 8 9 10 12 13 15 16 18 20 21 23 25 26 27 | 27.0
Long Blades    | 1 2 3 5 6 8 9 10 12 13 15 16 18 20 21 23 25 26 27 | 27.0
Axes           | 1 2 3 5 6 8 9 10 12 13 15 16 18 20 21 23 25 26 27 | 27.0
Maces & Flails | 1 2 3 5 6 8 9 10 12 13 15 16 18 20 21 23 25 26 27 | 27.0
Polearms       | 1 2 3 5 6 8 9 10 12 13 15 16 18 20 21 23 25 26 27 | 27.0
Staves         | 1 2 3 5 6 8 9 10 12 13 15 16 18 20 21 23 25 26 27 | 27.0
Slings         | 1 2 3 5 6 8 9 10 12 13 15 16 18 20 21 23 25 26 27 | 27.0
Bows           | 1 2 3 5 6 8 9 10 12 13 15 16 18 20 21 23 25 26 27 | 27.0
Crossbows      | 1 2 3 5 6 8 9 10 12 13 15 16 18 20 21 23 25 26 27 | 27.0
Throwing       | 1 2 3 5 6 8 9 10 12 13 15 16 18 20 21 23 25 26 27 | 27.0
Armour         | 1 2 3 5 6 8 9 10 12 13 15 16 18 20 21 23 25 26 27 | 27.0
Shields        | 1 2 3 5 6 8 9 10 12 13 15 16 18 20 21 23 25 26 27 | 27.0
Unarmed Combat | 1 2 3 5 6 8 9 10 12 13 15 16 18 20 21 23 25 26 27 | 27.0
Evocations     | 1 2 3 5 6 8 9 10 12 13 15 16 18 20 21 23 25 26 27 | 27.0
Conjurations   | 1 2 4 5 6 8 9 10 11 13 14 15 17 18 20 21 23 26 | 26.6
Charms         | 1 2 4 5 6 8 9 10 11 13 14 15 17 18 20 21 23 26 | 26.6
Summonings     | 1 2 4 5 6 8 9 10 11 13 14 15 17 18 20 21 23 26 | 26.6
Necromancy     | 1 2 4 5 6 8 9 10 11 13 14 15 17 18 20 21 23 26 | 26.6
Translocations | 1 2 4 5 6 8 9 10 11 13 14 15 17 18 20 21 23 26 | 26.6
Transmutations | 1 2 4 5 6 8 9 10 11 13 14 15 17 18 20 21 23 26 | 26.6
Fire Magic     | 1 2 4 5 6 8 9 10 11 13 14 15 17 18 20 21 23 26 | 26.6
Ice Magic      | 1 2 4 5 6 8 9 10 11 13 14 15 17 18 20 21 23 26 | 26.6
Air Magic      | 1 2 4 5 6 8 9 10 11 13 14 15 17 18 20 21 23 26 | 26.6
Earth Magic    | 1 2 4 5 6 8 9 10 11 13 14 15 17 18 20 21 23 26 | 26.6
Poison Magic   | 1 2 4 5 6 8 9 10 11 13 14 15 17 18 20 21 23 26 | 26.6
Short Blades   | 3 4 5 6 7 8 9 11 12 13 15 16 18 20 21 23 25 27 | 27.0
Dodging        | 5 6 7 8 9 10 11 12 14 15 17 18 20 22 23 25 27 | 27.0
Hexes          | 6 7 8 9 10 11 12 13 15 16 17 19 20 22 23 26 | 26.9

Action                   |  1- 3 |  4- 6 |  7- 9 | 10-12 | 13-15 | 16-18 | 19-21 | 22-24 || total
-------------------------+-------+-------+-------+-------+-------+-------+-------+-------++-------
Melee: Dagger            |    15 |     4 |       |       |       |       |       |       ||    19
       Rapier            |       |    14 |    37 |   193 |   346 |   228 |       |       ||   818
       Bite              |       |     2 |     2 |    12 |    48 |   114 |    91 |    30 ||   299
       Punch             |       |       |     2 |     2 |       |       |       |       ||     4
       Demon blade       |       |       |       |       |       |   267 |   331 |       ||   598
       Eudemon blade     |       |       |       |       |       |       |   172 |   150 ||   322
 Cast: Ensorcelled Hiber |     3 |     1 |    25 |    37 |    11 |     1 |       |       ||    78
       Confuse           |       |       |       |     9 |     3 |     7 |       |     2 ||    21
       Tukima's Dance    |       |       |       |     9 |       |       |       |       ||     9
       Bolt of Draining  |       |       |       |       |     4 |       |       |       ||     4
Invok: Grand Finale      |       |       |       |       |     6 |     2 |     4 |     1 ||    13
       Line Pass         |       |       |       |       |     3 |     7 |     1 |     1 ||    12
 Abil: Stop Flying       |       |       |       |       |     1 |       |       |       ||     1
       Evoke Invisibilit |       |       |       |       |     4 |     4 |       |       ||     8
Evoke: Wand              |       |       |     2 |     1 |     2 |     2 |       |       ||     7
       Sack of spiders   |       |       |       |       |       |     1 |       |       ||     1
  Use: Scroll            |       |       |       |     3 |     5 |     7 |     3 |     2 ||    20
       Potion            |       |       |       |     1 |     7 |     1 |     2 |     5 ||    16
 Stab: Sleeping          |     6 |     1 |    14 |    28 |    12 |    14 |    20 |     8 ||   103
       Paralysed         |       |     1 |     3 |    14 |    21 |    31 |    38 |    11 ||   119
       Confused          |       |       |       |     3 |     4 |     6 |     1 |       ||    14
       Distracted        |       |       |       |     1 |     1 |     2 |     4 |     1 ||     9
       Invisible         |       |       |       |     5 |    24 |    22 |       |       ||    51
  Eat: Chunk             |       |       |       |     7 |     8 |    13 |     6 |       ||    34
       Ration            |       |       |       |     1 |     2 |     2 |     6 |     2 ||    13
Armor: Robe              |     1 |     1 |     2 |       |       |       |       |       ||     4
       Leather armour    |       |       |       |    21 |    20 |       |       |       ||    41
       Chain mail        |       |       |       |       |    25 |    30 |       |       ||    55
       Quicksilver drago |       |       |       |       |       |    46 |    52 |     7 ||   105
Dodge: Dodged            |     6 |    10 |    35 |   128 |   143 |   163 |   148 |    26 ||   659
Block: Shield            |       |       |       |    67 |   135 |   177 |    76 |       ||   455
       Large shield      |       |       |       |       |       |       |   145 |    77 ||   222
       Rpst.: Demon blade |       |       |       |       |       |    15 |    19 |       ||    34
       Eudemon blade     |       |       |       |       |       |       |    10 |     6 ||    16

Table legend:
 A = Spawn XP
 B = Non-spawn XP
 C = Spawn XP percentage of total XP
 D = Spawn monster count
 E = Non-spawn monster count
 F = Spawn count percentage of total count
 G = Total turns spent on level
                    A         B        C        D         E        F      G
               +---------+---------+-------+---------+---------+-------+---------
         Total |       0 |  696113 |   0.0 |       0 |     513 |   0.0 | 17514
               +---------+---------+-------+---------+---------+-------+---------
             D |       0 |  696113 |   0.0 |       0 |     513 |   0.0 | 17514
               +---------+---------+-------+---------+---------+-------+---------
